 Dungeon Crawl Stone Soup version 0.29.1-15-g9cfb28693d (webtiles) character file.

Game seed: 8847292487154469707

591 momodddd the Conjurer (level 7, -1/36 HPs)
             Began as a Deep Elf Conjurer on Feb 20, 2023.
             Slain by an orc warrior
             ... wielding a +0 trident
              (20 damage)
             ... on level 5 of the Dungeon on Mar 6, 2023.
             The game lasted 00:07:50 (4049 turns).

momodddd the Conjurer (Deep Elf Conjurer)           Turns: 4049, Time: 00:07:51

Health: -1/36      AC:  2    Str:  4    XL:     7   Next: 16%
Magic:  12/19      EV: 12    Int: 31    God:
Gold:   158        SH:  0    Dex: 13    Spells: 13/20 levels left

rFire   . . .      SeeInvis .   i - +4 hand axe of Sloth {flame, rC+ Int+6}
rCold   + . .      Faith    .   (no shield)
rNeg    + . .      Spirit   .   a - +0 robe
rPois   .          Reflect  .   (no helmet)
rElec   .          Harm     .   (no cloak)
rCorr   .          Rampage  .   (no gloves)
Will    .....                   (no boots)
Stlth   ++........              (no amulet)
HPRegen 0.12/turn               n - ring of positive energy
MPRegen 0.16/turn               (no ring)

@: no status effects
A: no striking features
a: no special abilities


You were on level 5 of the Dungeon.
You visited 1 branch of the dungeon, and saw 5 of its levels.

You collected 158 gold pieces.

Inventory:

Hand Weapons
 i - the +4 hand axe of Sloth (weapon) {flame, rC+ Int+6}
   (You found it on level 2 of the Dungeon)

   It burns those it strikes, dealing additional fire damage.
   Big, fiery blades are also staple armaments of hydra-hunters.
   Int:       It affects your intelligence (+6).
   rC:        It protects you from cold.
Armour
 a - a +0 robe (worn)
Jewellery
 n - a ring of positive energy (left hand)
Wands
 p - a wand of iceblast (11)
Scrolls
 d - 10 scrolls of identify {unknown}
 e - 5 scrolls of fear {unknown}
 f - a scroll of magic mapping {unknown}
 h - a scroll of poison {unknown}
 k - 2 scrolls of teleportation {unknown}
 l - 4 scrolls of noise {unknown}
 q - a scroll of fog {unknown}
Potions
 b - a potion of magic
 c - a potion of ambrosia {unknown}
 g - a potion of berserk rage {unknown}
 j - 3 potions of heal wounds {unknown}
 m - 5 potions of curing {unknown}
 o - a potion of resistance {unknown}
 r - a potion of lignification {unknown}


   Skills:
 - Level 2.5 Dodging
 - Level 2.6 Stealth
 + Level 7.2 Spellcasting
 * Level 7.4 Conjurations
 - Level 2.0 Hexes


You had 13 spell levels left.
You knew the following spells:

 Your Spells              Type           Power      Damage    Failure   Level
a - Magic Dart            Conj           100%       1d8       1%          1
b - Searing Ray           Conj           100%       2d8       1%          2
c - Fulminant Prism       Conj/Hex       20%        3d13      6%          4

Your spell library contained the following spells:

 Spells                   Type           Power      Damage    Failure   Level
 Dazzling Flash           Conj/Hex       80%        N/A       1%          3
 Summon Guardian Golem    Hex/Summ       17%        N/A       9%          3
 Iskenderun's Mystic Bla  Conj/Tloc      34%        2d8       10%         4
 Frozen Ramparts          Ice            22%        1d4       13%         3
 Ice Form                 Ice/Tmut       11%        N/A       41%         4
 Summon Ice Beast         Ice/Summ       11%        N/A       41%         4
 Lee's Rapid Deconstruct  Erth           5%         3d7*      77%         5
 Orb of Destruction       Conj           27%        9d9       86%         7
 Spellforged Servitor     Conj/Summ      17%        N/A       100%        7


Dungeon Overview and Level Annotations

Branches:
Dungeon (5/15)
 Temple: D:4-7

Altars:

Shops:
D:1 ?   D:3 !


Message History

a +0 giant club; an ogre corpse An orc warrior and an orc come into view.
Casting: Searing Ray (safe; 1% risk of failure)
Confirm with . or Enter, or press ? or * to list all spells.
You can't see any susceptible monsters within range! (Use Z to cast anyway.) Unknown command.
Unknown command.
Casting: Searing Ray (safe; 1% risk of failure)
Confirm with . or Enter, or press ? or * to list all spells.
The spell is quite dangerous to miscast (6% risk of failure)!
Continue anyway?
Aiming: Fulminant Prism (quite dangerous; 6% risk of failure)
Press: ? - help, Dir - move target You conjure a prism of explosive energy!
The orc warrior shouts!
The orc shouts!
A fulminant prism comes into view.
Your fulminant prism crackles loudly.
Your fulminant prism explodes!
The blast of energy engulfs the orc warrior!
The orc warrior is moderately wounded.
The blast of energy engulfs the fungus!!
The fungus begins to die.
The fungus is lightly damaged.
You feel a bit more experienced.
The blast of energy engulfs the bush!
The bush is lightly damaged.
You hear a shout!
Casting: Fulminant Prism (quite dangerous; 6% risk of failure)
Confirm with . or Enter, or press ? or * to list all spells.
Aiming: Searing Ray (safe; 1% risk of failure)
Press: ? - help, Shift-Dir - straight line The searing ray hits the orc warrior.
The orc warrior is heavily wounded. (Press . to maintain the ray.)
The orc warrior misses you.
The searing ray misses the orc warrior.
The orc warrior hits you from afar with a +0 trident!
The searing ray hits the orc warrior!
The orc warrior is almost dead.
The orc warrior hits you from afar with a +0 trident!!
Ouch! That really hurt!
You die...

.# #.....#
.# #.....#
#. .#
##.....#
#.## .#
###.....##
.P.#
)###...###.#
..P#
.>...### #.#
...# #.####
#.## ##o.#
#.#
#..####...#
#.#####
##.....@.#
#.....#
#########
#####.# #.#
#####.#
......#
#######


You could see an orc warrior.

Vanquished Creatures
  Menkaure (D:4)
  An ogre (D:5)
  A scorpion (D:5)
  A hound (D:4)
  2 jellies
  3 orc wizards
  5 adders
  A shadow imp (D:5)
  4 worms
  A dart slug (D:2)
  20 orcs
  4 ball pythons
  5 endoplasms
  3 giant cockroaches
  5 goblins
  11 hobgoblins
  4 quokkas
  5 bats
  2 frilled lizards
  3 kobolds
  4 rats
86 creatures vanquished.

Vanquished Creatures (others)
  A fulminant prism (D:5)
  2 fungi (D:5)
3 creatures vanquished.

Grand Total: 89 creatures vanquished

Notes
Turn   | Place    | Note
-------+----------+-------------------------------------------
     0 | D:1      | momodddd the Deep Elf Conjurer began the quest for the Orb.
     0 | D:1      | Reached XP level 1. HP: 10/10 MP: 6/6
   358 | D:1      | Found Fasheyl's Magic Scroll Shop.
   361 | D:1      | Reached XP level 2. HP: 15/15 MP: 6/8
   788 | D:2      | Identified the +4 hand axe of Sloth {flame, rC+ Int+6}
   803 | D:2      | Reached XP level 3. HP: 19/19 MP: 2/10
   901 | D:2      | Reached skill level 5 in Conjurations
  1377 | D:2      | Reached XP level 4. HP: 24/24 MP: 10/12
  1933 | D:3      | Noticed a golden eye
  2004 | D:3      | Noticed a shining eye
  2008 | D:3      | Found a faded altar of an unknown god.
  2010 | D:3      | Noticed a great orb of eyes
  2010 | D:3      | Noticed an eye of devastation
  2166 | D:3      | Found Pakhovuz's Distillery.
  2196 | D:2      | Learned a level 2 spell: Searing Ray
  2446 | D:3      | Reached skill level 5 in Spellcasting
  2608 | D:4      | Reached XP level 5. HP: 28/28 MP: 9/14
  3032 | D:4      | Upgraded the game from 0.29.1-14-g9c671dbff4 to
                  | 0.29.1-15-g9cfb28693d
  3083 | D:4      | Learned a level 4 spell: Fulminant Prism
  3180 | D:4      | Noticed Menkaure
  3183 | D:4      | Killed Menkaure
  3184 | D:4      | Reached XP level 6. HP: 32/32 MP: 11/17
  3513 | D:5      | Entered Level 5 of the Dungeon
  3623 | D:5      | Reached skill level 1 in Hexes
  3913 | D:5      | Noticed an orc warrior
  3948 | D:5      | Reached XP level 7. HP: 36/36 MP: 12/19
  4049 | D:5      | Slain by an orc warrior

Illustrated notes

Levels and vault maps discovered:
D:1:      dpeg_arrival_tiny_g, layout_rooms, serial_shops, shop_fountains
D:2:      layout_rooms, minmay_indecisive_spiral
D:3:      layout_rooms, hellmonk_ecumenical_altar_watching_god, serial_shops,
          shop_statue
D:4:      layout_cave_pools, serial_column_ruins, column_ruins_hut_ruined,
          column_ruins_open_tiny, column_ruins_grid_2, column_ruins_corridor_T,
          column_ruins_grid_3, column_ruins_corridor_straight,
          column_ruins_open_small, uniq_menkaure
D:5:      minmay_clustersquares, layout_basic, general_overflow_altar,
          uniq_crazy_yiuf_cottage

Skill      XL: |  1  2  3  4  5  6 |
---------------+-------------------+-----
Spellcasting   | 4 5 6 7 |  7.2
Conjurations   | 5 6 7 |  7.4
Hexes          | 2 |  2.0
Dodging        | |  2.5
Stealth        | |  2.6

Action                   |  1- 3 |  4- 6 |  7- 9 || total
-------------------------+-------+-------+-------++-------
Melee: Unarmed           |     5 |       |       ||     5
       Hand axe          |       |     7 |       ||     7
 Cast: Magic Dart        |    68 |    88 |       ||   156
       Searing Ray       |       |    14 |     1 ||    15
       Fulminant Prism   |       |       |     1 ||     1
Armor: Robe              |     1 |     3 |       ||     4
Dodge: Dodged            |     2 |     3 |     1 ||     6
